 Dungeon Crawl Stone Soup version 0.31.0-12-g77e489cdc1 (webtiles) character file.

Game seed: 3928336712020654600

617 jimonade the Skirmisher (level 7, -1/50 HPs)
             Began as a Formicid Hunter on Feb 28, 2024.
             Was an Initiate of the Shining One.
             Slain by a centaur (6 damage)
             ... on level 5 of the Dungeon.
             The game lasted 00:08:35 (4278 turns).

jimonade the Skirmisher (Formicid Hunter)           Turns: 4278, Time: 00:08:35

Health: -1/50      AC:  3    Str: 16    XL:     7   Next: 74%
Magic:  7/7        EV: 12    Int:  8    God:    the Shining One [......]
Gold:   223        SH:  0    Dex: 19    Spells: 6/6 levels left

rFire   . . .        a - +0 shortbow
rCold   . . .        (no shield)
rNeg    . . .        c - +0 leather armour
rPois   .            (helmet unavailable)
rElec   .            (no cloak)
rCorr   .            (no gloves)
SInv    +            (no boots)
Will    .....        (no amulet)
Stlth   +            (no ring)
HPRegen 0.28/turn    (no ring)
MPRegen 0.10/turn

%: no passive effects
@: glowing
A: permanent stasis, dig shafts and tunnels, antennae 3, four strong arms
a: Dig, Shaft Self, Renounce Religion


You were on level 5 of the Dungeon.
You worshipped the Shining One.
The Shining One was noncommittal.
You visited 1 branch of the dungeon, and saw 5 of its levels.

You collected 223 gold pieces.

Inventory:

Hand Weapons
 a - a +0 shortbow (weapon)
Missiles
 o - 2 poisoned darts
 q - 2 curare-tipped darts
 E - a throwing net
Armour
 c - a +0 leather armour (worn)
 e - a +0 kite shield
 u - a +0 chain mail
Magical Staves
 m - a staff of earth
Jewellery
 D - a ring of fire
Talismans
 i - a dragon-blood talisman
Wands
 v - a wand of iceblast (12)
 w - a wand of flame (16)
 x - a wand of quicksilver (7)
Scrolls
 b - a scroll of butterflies
 d - 8 scrolls of identify {unknown}
 f - 2 scrolls of noise {unknown}
 g - a scroll of immolation {unknown}
 h - a scroll of fog {unknown}
 k - 3 scrolls of enchant armour {unknown}
 r - a scroll of poison {unknown}
 s - 2 scrolls of blinking {unknown}
 t - 2 scrolls of teleportation {unknown}
 y - a scroll of amnesia {unknown}
 z - a scroll of brand weapon {unknown}
 A - a scroll of revelation {unknown}
 B - a scroll of fear {unknown}
Potions
 j - a potion of might {unknown}
 l - 2 potions of haste {unknown}
 n - a potion of curing {unknown}
 p - 2 potions of attraction {unknown}
 C - a potion of lignification {unknown}


   Skills:
 - Level 2.1 Fighting
 + Level 8.9 Ranged Weapons
 - Level 1.7 Dodging
 - Level 1.2 Stealth


You had 6 spell levels left.
You didn't know any spells.
Your spell library contained the following spells:

 Spells                   Type           Power      Damage    Failure   Level
 Shock                    Conj/Air       0%         1d3       47%         1
 Call Canine Familiar     Summ           0%         N/A       85%         3
 Hailstorm                Conj/Ice       0%         3d5       85%         3
 Sigil of Binding         Hex            0%         N/A       85%         3
 Summon Ice Beast         Ice/Summ       0%         N/A       85%         3
 Airstrike                Air            0%         2d(0-16)  99%         4
 Dimensional Bullseye     Hex/Tloc       0%         N/A       99%         4
 Sculpt Simulacrum        Ice/Alch       0%         N/A       100%        6
 Swiftness                Air            Unusable   N/A       N/A         3

Dungeon Overview and Level Annotations

Branches:
Dungeon (5/15) Zot: 25662
 Temple: D:4-7

Altars:
Ashenzari
Uskayaw
The Shining One

Shops:
D:3 (   D:4 ?   D:5 [*(


Innate Abilities, Weirdness & Mutations

You cannot be hasted, slowed, berserked, paralysed or teleported.
You can dig through walls and to a lower floor.
You have a pair of large antennae on your head. (SInv)
Your four strong arms can wield two-handed weapons with a shield.


Message History

You shoot an arrow. The arrow closely misses the gnoll.
The gnoll hits you with a +0 flail.
Fire: a) +0 shortbow
Press: ? - help, Q - select action, (/) - cycle Shift-Dir - straight line, f/p - gnoll
Aim: a gnoll, wielding a +0 flail (almost dead, 69% to hit)
You shoot an arrow.
The arrow hits the gnoll but does no damage.
The gnoll is almost dead.
The gnoll hits you with a +0 flail.
Fire: a) +0 shortbow
Press: ? - help, Q - select action, (/) - cycle Shift-Dir - straight line, f/p - gnoll
Aim: a gnoll, wielding a +0 flail (almost dead, 69% to hit)
You shoot an arrow. The arrow hits the gnoll!
You kill the gnoll!
HP restored.
You now have 223 gold pieces (gained 13).
A sleepcap comes into view.
Unknown command.
Fire: a) +0 shortbow
Press: ? - help, Q - select action, (/) - cycle Shift-Dir - straight line, f - sleepcap
Aim: a sleepcap (98% to hit)
You shoot an arrow. The arrow hits the sleepcap.
The sleepcap is lightly damaged.
No target in view!
No target in view!
You shoot an arrow.
The arrow hits the sleepcap but does no damage.
The sleepcap is lightly damaged.
You shoot an arrow. The arrow hits the sleepcap.
The sleepcap is moderately damaged.
You shoot an arrow.
The arrow hits the sleepcap but does no damage.
The sleepcap is moderately damaged.
You shoot an arrow. The arrow hits the sleepcap!
The sleepcap is heavily damaged.
You shoot an arrow.
The arrow hits the sleepcap but does no damage.
The sleepcap is heavily damaged.
The sleepcap releases spores at you.
You are engulfed in a cloud of soporific spores!
You fall asleep.
The sleepcap releases spores at you!
You wake up.
Fire: a) +0 shortbow
Press: ? - help, Q - select action, (/) - cycle Shift-Dir - straight line, f/p - sleepcap
Aim: a sleepcap (heavily damaged, 98% to hit)
You shoot an arrow. The arrow hits the sleepcap.
The sleepcap is severely damaged.
The sleepcap releases spores at you.
Fire: a) +0 shortbow
Press: ? - help, Q - select action, (/) - cycle Shift-Dir - straight line, f/p - sleepcap
Aim: a sleepcap (severely damaged, 98% to hit)
You shoot an arrow.
The arrow hits the sleepcap but does no damage.
The sleepcap is severely damaged.
The sleepcap releases spores at you but does no damage.
Fire: a) +0 shortbow
Press: ? - help, Q - select action, (/) - cycle Shift-Dir - straight line, f/p - sleepcap
Aim: a sleepcap (heavily damaged, 98% to hit)
You shoot an arrow. The arrow hits the sleepcap!
The sleepcap is almost destroyed.
The sleepcap releases spores at you.
You are engulfed in a cloud of soporific spores!
You are unaffected.
Fire: a) +0 shortbow
Press: ? - help, Q - select action, (/) - cycle Shift-Dir - straight line, f/p - sleepcap
Aim: a sleepcap (almost destroyed, 98% to hit)
You shoot an arrow.
The arrow hits the sleepcap but does no damage.
The sleepcap is almost destroyed.
The sleepcap releases spores at you.
You are engulfed in a cloud of soporific spores!
You are unaffected.
Fire: a) +0 shortbow
Press: ? - help, Q - select action, (/) - cycle Shift-Dir - straight line, f/p - sleepcap
Aim: a sleepcap (almost destroyed, 98% to hit)
You shoot an arrow. The arrow hits the sleepcap!
You destroy the sleepcap!
Fire: a) +0 shortbow
Press: ? - help, Q - select action, (/) - cycle Shift-Dir - straight line, f - you Really target yourself?
Okay, then.
Unknown command.
A centaur comes into view.
The centaur shouts!
The centaur wields a +0 orcbow.
The centaur shoots an arrow.
The arrow closely misses you.
You see here 15 gold pieces.
A centaur is nearby!
You shoot an arrow. The arrow hits the centaur.
The centaur is lightly wounded.
The centaur shoots an arrow.
The arrow hits you!
The centaur shoots an arrow.
The arrow hits you!
The centaur shoots an arrow.
The arrow hits you!
* * * LOW HITPOINT WARNING * * *
You are too injured to fight recklessly!
The centaur shoots an arrow.
The arrow hits you.
* * * LOW HITPOINT WARNING * * *
Found an escape hatch in the ceiling.
The centaur unwields a +0 orcbow.
The centaur hits you.
You die...

#.#.##. ......####...#..
## ## ................
#.##. ##....#.###.(.....
.....##........ ###.....
........$..## #......
#..........#####.....
#.##..c..............##
#.....@................
<....##....##........(..
..# #.$..######........
#.....####.........
#....##.##.......#.
##..#....#.........
#####...........#.
###.........##
#...........


You could see a centaur.

Vanquished Creatures
  An ice beast (D:5)
  A phantom (D:4)
  2 bombardier beetles
  A sleepcap (D:5)
  Jessica (D:3)
  Ijyb (D:3)
  14 gnolls
  10 adders
  A ribbon worm (D:2)
  2 dart slugs
  2 orcs
  3 ball pythons
  5 endoplasms
  4 giant cockroaches
  A hobgoblin (D:2)
  3 jackals (D:2)
  6 kobolds
  4 quokkas
  7 bats
  2 frilled lizards
  8 goblins
  6 rats
85 creatures vanquished.

Notes
Turn   | Place    | Note
-------+----------+-------------------------------------------
     0 | D:1      | jimonade the Formicid Hunter began the quest for the Orb.
     0 | D:1      | Reached XP level 1. HP: 16/16 MP: 1/1
   230 | D:1      | Reached XP level 2. HP: 22/22 MP: 2/2
   740 | D:2      | Reached XP level 3. HP: 27/27 MP: 3/3
   768 | D:2      | Reached skill level 5 in Ranged Weapons
   926 | D:2      | Reached XP level 4. HP: 30/33 MP: 4/4
  1083 | D:2      | Found a glowing golden altar of the Shining One.
  1097 | D:2      | Reached skill level 6 in Ranged Weapons
  1097 | D:2      | Reached XP level 5. HP: 31/38 MP: 5/5
  1492 | D:2      | Became a worshipper of the Shining One
  1511 | D:3      | Found a faded altar of an unknown god.
  1614 | D:3      | Noticed Jessica
  1615 | D:3      | Killed Jessica
  1749 | D:3      | Found a broken altar of Ashenzari.
  1797 | D:3      | Found a hide-covered altar of Uskayaw.
  2125 | D:3      | Noticed Ijyb
  2147 | D:3      | Killed Ijyb
  2148 | D:3      | Reached XP level 6. HP: 18/44 MP: 6/6
  2318 | D:3      | Found Dannoge's Weapon Boutique.
  2510 | D:4      | Reached skill level 7 in Ranged Weapons
  2838 | D:4      | Reached XP level 7. HP: 50/50 MP: 7/7
  3166 | D:4      | Found Sischau's Magic Scroll Emporium.
  3232 | D:5      | Entered Level 5 of the Dungeon
  3232 | D:5      | Found Istot's Weapon Emporium.
  3232 | D:5      | Found Gemeb's Assorted Antiques.
  3294 | D:5      | Reached skill level 8 in Ranged Weapons
  3402 | D:5      | Found Dein Ono's Antique Armour Shop.
  4278 | D:5      | Slain by a centaur

Illustrated notes

Levels and vault maps discovered:
D:1:      amcnicky_arrival_flooded_fountain, layout_loops_ring
D:2:      layout_rooms, basic_altar, minmay_quadrilaterals
D:3:      layout_loops_ring, evilmike_ruin_ashenzari,
          nicolae_uskayaw_murder_on_the_dancefloor,
          chequers_ecumenical_altar_simple, serial_shops, shop,
          minmay_misc_feat_chi, serial_bayou_lagoon_b, uniq_jessica, uniq_ijyb
D:4:      layout_basic, serial_shops, nicolae_shop_rolled_up
D:5:      layout_cave_pools, serial_shops, shop, shop,
          nicolae_shop_tiny_real_fake_doors, nicolae_lakefront_shop,
          serial_park_tiny_1

Skill      XL: |  1  2  3  4  5  6  7 |
---------------+----------------------+-----
Ranged Weapons | 5 6 7 8 |  8.9
Fighting       | |  2.1
Dodging        | |  1.7
Stealth        | |  1.2

Action                     |  1- 3 |  4- 6 |  7- 9 || total
---------------------------+-------+-------+-------++-------
   Fire: Shortbow          |    71 |   151 |    90 ||   312
 Armour: Leather armour    |    12 |    36 |    34 ||    82
  Dodge: Dodged            |    15 |    23 |    36 ||    74
